NYP
SALEM-KEIZER VOLCANOES @ CINCINNATI (NYP) REDS
08/25/2049
 
TOP OF THE 1ST
Salem-Keizer Volcanoes batting - Pitching for Cincinnati (NYP) Reds : RHP Hugo Pirir
Pitching: RHP Hugo Pirir
Batting: LHB Joe Hoover 0-0: Ball
1-0: Foul Ball, location: 2F
1-1: Ball
2-1: Ball
3-1: SINGLE (Line Drive, 7S, EV 84.4 MPH)
Batting: LHB Adrian Navarro 0-0: Called Strike
0-1: Called Strike
0-2: Strikes out looking
Batting: LHB Ben Radach 0-0: Ball
Joe Hoover steals 2nd base (no throw)
1-0: Fly out, F8 (Flyball, 8LXD, EV 84.4 MPH)
Runner from 2nd tags up, SAFE at 3rd, no throw by CF
Batting: RHB Mario Saez 0-0: Ball
1-0: Ball
2-0: Foul Ball, location: 2F
2-1: Ball
3-1: Called Strike
3-2: Base on Balls
Batting: LHB Tom Reynolds 0-0: SINGLE (Groundball, 4MD, EV 110.6 MPH)
Joe Hoover scores
Mario Saez to second
Runner from 2nd tries for 3rd, SAFE, throw by CF made to third
Batting: LHB Chris Raymond 0-0: Fielders Choice at 2nd, 5-4 (Groundball, 5, EV 83.8 MPH)
Top of the 1st over - 1 run, 2 hits, 0 errors, 2 left on base; Salem-Keizer 1 - Cincinnati (NYP) 0
BOTTOM OF THE 1ST
Cincinnati (NYP) Reds batting - Pitching for Salem-Keizer Volcanoes : RHP Emilio Gonzalez
Pitching: RHP Emilio Gonzalez
Batting: RHB Will Trudeau 0-0: Ball
1-0: Ball
2-0: Called Strike
2-1: DOUBLE (Groundball, 5L, EV 101.9 MPH)
Batting: LHB Cesar Arteaga 0-0: Swinging Strike
0-1: Foul Ball, location: 2F
0-2: Ball
1-2: SINGLE (Line Drive, 9S, EV 105.0 MPH)
Will Trudeau to third
Batting: RHB Andy Bachman 0-0: Ball
Cesar Arteaga is caught stealing 2nd base 2-4
1-0: Swinging Strike
1-1: Fly out, F7 (Line Drive, 7LS, EV 88.1 MPH)
Batting: RHB Nick Moreno 0-0: Ball
1-0: Fly out, F8 (Flyball, 8LM, EV 83.8 MPH)
Bottom of the 1st over - 0 runs, 2 hits, 0 errors, 1 left on base; Salem-Keizer 1 - Cincinnati (NYP) 0
TOP OF THE 2ND
Salem-Keizer Volcanoes batting - Pitching for Cincinnati (NYP) Reds : RHP Hugo Pirir
Batting: RHB Adrian Martinelli 0-0: Ball
1-0: Called Strike
1-1: Foul Ball, location: 2F
1-2: Ball
2-2: Foul Ball, location: 2F
2-2: Ball
3-2: Foul Ball, location: 2F
3-2: Strikes out looking
Batting: SHB Curtis Thompson 0-0: Ground out 1-3 (Groundball, 13, EV 70.0 MPH)
Batting: LHB John Dietrich 0-0: Ball
1-0: Called Strike
1-1: Called Strike
1-2: Ball
2-2: Foul Ball, location: 2F
2-2: Ground out 6-3 (Groundball, 6S, EV 74.4 MPH)
Top of the 2nd over - 0 runs, 0 hits, 0 errors, 0 left on base; Salem-Keizer 1 - Cincinnati (NYP) 0
BOTTOM OF THE 2ND
Cincinnati (NYP) Reds batting - Pitching for Salem-Keizer Volcanoes : RHP Emilio Gonzalez
Batting: LHB Josh Slusarczyk 0-0: Ball
1-0: Ball
2-0: Ball
3-0: Called Strike
3-1: Foul Ball, location: 2F
3-2: Foul Ball, location: 2F
3-2: Base on Balls
Batting: RHB Chris Christaldi 0-0: Foul Ball, location: 2F
0-1: Called Strike
Josh Slusarczyk steals 2nd base
0-2: Ball
1-2: Ball
2-2: SINGLE (Flyball, 3D, EV 93.8 MPH)
Josh Slusarczyk to third
Batting: LHB Brandon Sarni 0-0: Ball
Chris Christaldi steals 2nd base
1-0: Fly out, F8 (Flyball, 8LD, EV 83.8 MPH)
Runner from 3rd tags up, OUT at HOME! 8-2
Chris Christaldi to third
Batting: RHB Alex de Leon 0-0: Ground out 4-3 (Groundball, 4, EV 82.5 MPH)
Bottom of the 2nd over - 0 runs, 1 hit, 0 errors, 1 left on base; Salem-Keizer 1 - Cincinnati (NYP) 0
TOP OF THE 3RD
Salem-Keizer Volcanoes batting - Pitching for Cincinnati (NYP) Reds : RHP Hugo Pirir
Batting: LHB Joe Hoover 0-0: Ball
1-0: Foul Ball, location: 2F
1-1: Called Strike
1-2: Strikes out swinging
Batting: LHB Adrian Navarro 0-0: Called Strike
0-1: Ball
1-1: Ball
2-1: Swinging Strike
2-2: Foul Ball, location: 2F
2-2: Foul Ball, location: 2F
2-2: SOLO HOME RUN (Line Drive, 9LD, EV 96.9 MPH), Distance : 365 ft
Batting: LHB Ben Radach 0-0: Foul Ball, location: 2F
0-1: Swinging Strike
0-2: Hit by Pitch
Batting: RHB Mario Saez 0-0: Foul Ball, location: 2F
0-1: Foul Ball, location: 2F
0-2: Ball
1-2: Ball
2-2: Ball
3-2: Foul Ball, location: 2F
3-2: Foul Ball, location: 2F
3-2: Grounds into double play, 5-4-3 (Groundball, 56, EV 85.0 MPH)
Top of the 3rd over - 1 run, 1 hit, 0 errors, 0 left on base; Salem-Keizer 2 - Cincinnati (NYP) 0
BOTTOM OF THE 3RD
Cincinnati (NYP) Reds batting - Pitching for Salem-Keizer Volcanoes : RHP Emilio Gonzalez
Batting: RHB Badr al Din Ridha 0-0: Ball
1-0: Called Strike
1-1: Swinging Strike
1-2: Foul Ball, location: 2F
1-2: Strikes out swinging
Batting: RHB Will Trudeau 0-0: DOUBLE (Groundball, 5L, EV 93.8 MPH)
Batting: LHB Cesar Arteaga 0-0: Ball
1-0: Foul Ball, location: 2F
1-1: Ground out 6-3 (Groundball, 6, EV 88.1 MPH)
Will Trudeau to third
Batting: RHB Andy Bachman 0-0: Called Strike
0-1: Called Strike
0-2: Ball
1-2: Ball
2-2: Ball
3-2: SINGLE (Groundball, 6MD, EV 101.2 MPH) (infield hit)
Will Trudeau scores
Batting: RHB Nick Moreno 0-0: Ball
Andy Bachman steals 2nd base
1-0: Ball
2-0: Ball
3-0: Called Strike
3-1: Called Strike
3-2: Ground out 4-3 (Groundball, 4, EV 88.1 MPH)
Bottom of the 3rd over - 1 run, 2 hits, 0 errors, 1 left on base; Salem-Keizer 2 - Cincinnati (NYP) 1
TOP OF THE 4TH
Salem-Keizer Volcanoes batting - Pitching for Cincinnati (NYP) Reds : RHP Hugo Pirir
Batting: LHB Tom Reynolds 0-0: Ball
1-0: Ball
2-0: Foul Ball, location: 2F
2-1: Ball
3-1: Foul Ball, location: 2F
3-2: Strikes out swinging
Batting: LHB Chris Raymond 0-0: Called Strike
0-1: Ball
1-1: Ball
2-1: SINGLE (Groundball, 6D, EV 100.0 MPH)
Batting: RHB Adrian Martinelli 0-0: Ball
1-0: Ball
2-0: Called Strike
2-1: DOUBLE (Line Drive, 7LM, EV 106.9 MPH)
Chris Raymond to third
Pitching: LHP Hiroshi Mukae
Batting: SHB Curtis Thompson 0-0: Fly out, F8 (Flyball, 78S, EV 86.9 MPH)
Batting: LHB John Dietrich 0-0: Ball
1-0: Foul Ball, location: 2F
1-1: Foul Ball, location: 2F
1-2: Ball
2-2: Ball
3-2: Base on Balls
Batting: LHB Joe Hoover 0-0: Foul Ball, location: 2F
0-1: Swinging Strike
0-2: Ball
Balk!
Chris Raymond scores
Adrian Martinelli to third
John Dietrich to second
1-2: Ball
2-2: Strikes out looking
Top of the 4th over - 1 run, 2 hits, 0 errors, 2 left on base; Salem-Keizer 3 - Cincinnati (NYP) 1
BOTTOM OF THE 4TH
Cincinnati (NYP) Reds batting - Pitching for Salem-Keizer Volcanoes : RHP Emilio Gonzalez
Batting: LHB Josh Slusarczyk 0-0: Ball
1-0: Called Strike
1-1: Ball
2-1: Foul Ball, location: 2F
2-2: Ball
3-2: Strikes out looking
Batting: RHB Chris Christaldi 0-0: Foul Ball, location: 2F
0-1: Ball
1-1: Foul Ball, location: 2F
1-2: Ball
2-2: Ball
3-2: Ground out U3 (Groundball, 34S, EV 83.8 MPH)
Batting: LHB Brandon Sarni 0-0: Called Strike
0-1: Ball
1-1: Ball
2-1: Foul Ball, location: 2F
2-2: Ground out 6-3 (Groundball, 6, EV 81.9 MPH)
Bottom of the 4th over - 0 runs, 0 hits, 0 errors, 0 left on base; Salem-Keizer 3 - Cincinnati (NYP) 1
TOP OF THE 5TH
Salem-Keizer Volcanoes batting - Pitching for Cincinnati (NYP) Reds : LHP Hiroshi Mukae
Batting: LHB Adrian Navarro 0-0: Ball
1-0: Called Strike
1-1: Ground out 6-3 (Groundball, 56D, EV 79.4 MPH)
Batting: LHB Ben Radach 0-0: Foul Ball, location: 2F
0-1: Ball
1-1: Called Strike
1-2: Strikes out swinging
Batting: RHB Mario Saez 0-0: Ball
1-0: Swinging Strike
1-1: Ball
2-1: Called Strike
2-2: Strikes out swinging
Top of the 5th over - 0 runs, 0 hits, 0 errors, 0 left on base; Salem-Keizer 3 - Cincinnati (NYP) 1
BOTTOM OF THE 5TH
Cincinnati (NYP) Reds batting - Pitching for Salem-Keizer Volcanoes : RHP Emilio Gonzalez
Batting: RHB Alex de Leon 0-0: Swinging Strike
0-1: Ball
1-1: Ball
2-1: SINGLE (Groundball, 34D, EV 103.1 MPH)
Batting: RHB Badr al Din Ridha 0-0: Ball
Alex de Leon steals 2nd base
1-0: Ball
2-0: Foul Ball, location: 2F
2-1: Called Strike
2-2: Strikes out swinging
Batting: RHB Will Trudeau 0-0: Called Strike
0-1: Foul Ball, location: 2F
0-2: Foul Ball, location: 2F
0-2: Foul Ball, location: 2F
0-2: Strikes out swinging
Batting: LHB Cesar Arteaga 0-0: Called Strike
0-1: Called Strike
0-2: Ball
1-2: Ball
2-2: Reached on error, E6 (Groundball, 4M, EV 78.1 MPH)
Alex de Leon scores
Pitching: RHP Devon Blakeney
Batting: RHB Andy Bachman 0-0: Called Strike
0-1: Foul Ball, location: 2F
0-2: Ball
1-2: SINGLE (Groundball, 6MD, EV 95.0 MPH)
Cesar Arteaga to third
Runner from 3rd tries for Home, SAFE, throw by CF to home
Batting: RHB Nick Moreno 0-0: Swinging Strike
0-1: Foul Ball, location: 2F
0-2: SINGLE (Groundball, 6D, EV 100.0 MPH)
Andy Bachman to second
Batting: LHB Josh Slusarczyk 0-0: Ball
1-0: Fly out, F8 (Flyball, 8RD, EV 88.8 MPH)
Bottom of the 5th over - 2 runs, 3 hits, 1 error, 2 left on base; Salem-Keizer 3 - Cincinnati (NYP) 3
TOP OF THE 6TH
Salem-Keizer Volcanoes batting - Pitching for Cincinnati (NYP) Reds : LHP Hiroshi Mukae
Batting: LHB Tom Reynolds 0-0: Ball
1-0: Ball
2-0: Ball
3-0: Base on Balls
Batting: LHB Chris Raymond 0-0: Ball
1-0: SINGLE (Line Drive, 6MD, EV 94.4 MPH)
Tom Reynolds to second
Pitching: RHP Toby Riley
Batting: RHB Adrian Martinelli 0-0: Called Strike
0-1: Swinging Strike
0-2: Ball
1-2: Ball
2-2: Strikes out swinging
Batting: SHB Curtis Thompson 0-0: Ball
1-0: Swinging Strike
1-1: Called Strike
1-2: Ball
2-2: Ball
3-2: Base on Balls
Tom Reynolds to third
Chris Raymond to second
Batting: LHB John Dietrich 0-0: Ball
1-0: Ball
2-0: Ball
3-0: Base on Balls
Tom Reynolds scores
Chris Raymond to third
Curtis Thompson to second
Batting: LHB Joe Hoover 0-0: Swinging Strike
0-1: Ball
1-1: Ball
2-1: Called Strike
2-2: Foul Ball, location: 2F
2-2: Foul Ball, location: 2F
2-2: Ball
3-2: Base on Balls
Chris Raymond scores
Curtis Thompson to third
John Dietrich to second
Batting: LHB Adrian Navarro 0-0: Ball
1-0: Foul Ball, location: 2F
1-1: Called Strike
1-2: Ball
2-2: Strikes out looking
Batting: LHB Ben Radach 0-0: Called Strike
0-1: Foul Ball, location: 2F
0-2: Fielders Choice at 2nd, 5-4 (Groundball, 56, EV 91.2 MPH)
Top of the 6th over - 2 runs, 1 hit, 0 errors, 3 left on base; Salem-Keizer 5 - Cincinnati (NYP) 3
BOTTOM OF THE 6TH
Cincinnati (NYP) Reds batting - Pitching for Salem-Keizer Volcanoes : RHP Devon Blakeney
Batting: RHB Chris Christaldi 0-0: Foul Ball, location: 2F
0-1: Foul Ball, location: 2F
0-2: Ball
1-2: Ground out 3-1 (Groundball, 34, EV 81.2 MPH)
Batting: LHB Brandon Sarni 0-0: Called Strike
0-1: Swinging Strike
0-2: Strikes out looking
Batting: RHB Alex de Leon 0-0: SINGLE (Line Drive, 6MD, EV 95.0 MPH)
Batting: RHB Badr al Din Ridha 0-0: Ball
1-0: Ball
2-0: Foul Ball, location: 2F
2-1: Ball
3-1: Foul Ball, location: 2F
3-2: Base on Balls
Alex de Leon to second
Batting: RHB Will Trudeau 0-0: Ball
1-0: Ball
2-0: Called Strike
2-1: DOUBLE (Line Drive, 9LM, EV 103.8 MPH)
Alex de Leon scores
Badr al Din Ridha to third
Runner from 3rd tries for Home, SAFE, throw by RF to home
Batting: LHB Cesar Arteaga 0-0: Foul Ball, location: 2F
0-1: Ball
1-1: Foul Ball, location: 2F
1-2: Foul Ball, location: 2F
1-2: Foul Ball, location: 2F
1-2: Ball
2-2: Fly out, F8 (Flyball, 78M, EV 98.8 MPH)
Bottom of the 6th over - 2 runs, 2 hits, 0 errors, 1 left on base; Salem-Keizer 5 - Cincinnati (NYP) 5
TOP OF THE 7TH
Salem-Keizer Volcanoes batting - Pitching for Cincinnati (NYP) Reds : RHP Toby Riley
Batting: RHB Mario Saez 0-0: Foul Ball, location: 2F
0-1: Called Strike
0-2: Ball
1-2: Foul Ball, location: 2F
1-2: Foul Ball, location: 2F
1-2: Ball
2-2: Ball
3-2: Foul Ball, location: 2F
3-2: Fly out, F8 (Flyball, 78M, EV 83.1 MPH)
Batting: LHB Tom Reynolds 0-0: Ball
1-0: Ball
2-0: Foul Ball, location: 2F
2-1: Called Strike
2-2: Ball
3-2: SOLO HOME RUN (Flyball, 9D, EV 104.4 MPH), Distance : 423 ft
Batting: LHB Chris Raymond 0-0: Ball
1-0: Ball
2-0: Called Strike
2-1: Foul Ball, location: 2F
2-2: Ball
3-2: Strikes out swinging
Pitching: RHP Gilbert Paparelli
Batting: RHB Adrian Martinelli 0-0: Ball
1-0: Ball
2-0: Swinging Strike
2-1: Foul Ball, location: 2F
2-2: Strikes out looking
Top of the 7th over - 1 run, 1 hit, 0 errors, 0 left on base; Salem-Keizer 6 - Cincinnati (NYP) 5
BOTTOM OF THE 7TH
Cincinnati (NYP) Reds batting - Pitching for Salem-Keizer Volcanoes : RHP Devon Blakeney
Now at 1B: J.R. Roberts
Now at SS: Jim Begger
Now in LF: Mario Mendoza
Batting: RHB Andy Bachman 0-0: Called Strike
0-1: Foul Ball, location: 2F
0-2: Ball
1-2: Foul Ball, location: 2F
1-2: Ball
2-2: Foul Ball, location: 2F
2-2: Ball
3-2: Ground out 4-3 (Groundball, 4M, EV 78.1 MPH)
Batting: RHB Nick Moreno 0-0: DOUBLE (Line Drive, 7LS, EV 98.1 MPH)
Pitching: LHP Hector Jimenez
Pinch Hitting: RHB Chris Zamora 0-0: Foul Ball, location: 2F
0-1: Ball
1-1: SINGLE (Groundball, 56D, EV 96.9 MPH)
Nick Moreno to third
Pitching: RHP Josh Weiser
Batting: RHB Chris Christaldi 0-0: Ball
1-0: Ball
2-0: Called Strike
2-1: Ball
3-1: TRIPLE (Line Drive, 78XD, EV 104.4 MPH)
Nick Moreno scores
Chris Zamora scores
Pitching: LHP Eric Larsen
Batting: LHB Brandon Sarni 0-0: Called Strike
0-1: Ball
1-1: Called Strike
1-2: Strikes out swinging
Batting: RHB Alex de Leon 0-0: Ball
1-0: Ball
2-0: Foul Ball, location: 2F
2-1: Called Strike
2-2: Ball
3-2: Foul Ball, location: 2F
3-2: Foul Ball, location: 2F
3-2: SINGLE (Groundball, 6D, EV 96.9 MPH)
Chris Christaldi scores
Batting: RHB Badr al Din Ridha 0-0: Ball
1-0: Ball
Alex de Leon steals 2nd base
2-0: Swinging Strike
2-1: Ground out 5-3 (Groundball, 5S, EV 90.6 MPH)
Bottom of the 7th over - 3 runs, 4 hits, 0 errors, 1 left on base; Salem-Keizer 6 - Cincinnati (NYP) 8
TOP OF THE 8TH
Salem-Keizer Volcanoes batting - Pitching for Cincinnati (NYP) Reds : RHP Gilbert Paparelli
Now at 2B: Alex de Leon
Now at 3B: Chris Zamora
Now at SS: Brandon Sarni
Batting: SHB Curtis Thompson 0-0: DOUBLE (Flyball, 78XD, EV 100.0 MPH)
Batting: LHB John Dietrich 0-0: Ball
1-0: Ball
2-0: Ball
3-0: Called Strike
3-1: Base on Balls
Batting: LHB Joe Hoover 0-0: Bunted foul
0-1: Ball
1-1: Sac Bunt to 13S - play at first, batter OUT! 1-4
Curtis Thompson to third
John Dietrich to second
Batting: LHB Adrian Navarro 0-0: Called Strike
0-1: Foul Ball, location: 2F
0-2: Strikes out swinging
Pinch Hitting: RHB Tony Logan 0-0: Ball
1-0: Called Strike
1-1: Foul Ball, location: 2F
1-2: Foul Ball, location: 2F
1-2: Ball
2-2: Foul Ball, location: 2F
2-2: Strikes out swinging
Top of the 8th over - 0 runs, 1 hit, 0 errors, 2 left on base; Salem-Keizer 6 - Cincinnati (NYP) 8
BOTTOM OF THE 8TH
Cincinnati (NYP) Reds batting - Pitching for Salem-Keizer Volcanoes : LHP Eric Larsen
Now in LF: Teruhide Horiuchi
Batting: RHB Will Trudeau 0-0: Ball
1-0: Ball
2-0: Foul Ball, location: 2F
2-1: Called Strike
2-2: Strikes out swinging
Pitching: RHP Loeck Bakker
Batting: LHB Cesar Arteaga 0-0: Called Strike
0-1: Ball
1-1: Ball
2-1: Ball
3-1: Foul Ball, location: 2F
3-2: Strikes out swinging
Batting: RHB Andy Bachman 0-0: Foul Ball, location: 2F
0-1: Foul Ball, location: 2F
0-2: Ball
1-2: Foul Ball, location: 2F
1-2: Ball
2-2: Strikes out looking
Bottom of the 8th over - 0 runs, 0 hits, 0 errors, 0 left on base; Salem-Keizer 6 - Cincinnati (NYP) 8
TOP OF THE 9TH
Salem-Keizer Volcanoes batting - Pitching for Cincinnati (NYP) Reds : RHP Gilbert Paparelli
Pitching: RHP Kevin Nabity
Now at 1B: Dave Ruiz
Batting: RHB J.R. Roberts 0-0: Ball
1-0: Ball
2-0: SINGLE (Groundball, 6MD, EV 98.1 MPH)
Batting: LHB Tom Reynolds 0-0: Ball
1-0: Swinging Strike
1-1: Ball
2-1: Ball
3-1: SINGLE (Groundball, 34D, EV 95.6 MPH)
J.R. Roberts to second
Batting: RHB Jim Begger 0-0: Sac Bunt to 25 - play at first, batter OUT! 5-3
J.R. Roberts to third
Tom Reynolds to second
Batting: RHB Adrian Martinelli 0-0: Ball
1-0: Ball
2-0: Called Strike
2-1: Foul Ball, location: 2F
2-2: Strikes out swinging
Batting: SHB Curtis Thompson 0-0: Ball
1-0: Ball
2-0: Ball
3-0: Base on Balls
Batting: LHB John Dietrich 0-0: Ball
1-0: Ball
2-0: Fly out, F8 (Flyball, 8LD, EV 106.9 MPH)
Top of the 9th over - 0 runs, 2 hits, 0 errors, 3 left on base; Salem-Keizer 6 - Cincinnati (NYP) 8
Sunday, July 16th , 2023 - OOTP Baseball 24.6 Build 69